 Dungeon Crawl Stone Soup version 0.31.0-9-g3a7656b989 (webtiles) character file.

Game seed: 5593989598248515662

137 qw the Shooter (level 5, -3/26 HPs)
             Began as a Spriggan Hunter on Feb 2, 2024.
             Slain by a sleepcap (6 damage)
             ... on level 3 of the Dungeon.
             The game lasted 00:00:04 (1281 turns).

qw the Shooter (Spriggan Hunter)                    Turns: 1281, Time: 00:00:04

Health: -3/26      AC:  2    Str:  7    XL:     5   Next: 0%
Magic:  6/6        EV: 20    Int: 11    God:
Gold:   970        SH:  0    Dex: 20    Spells: 4/4 levels left

rFire   . . .        a - +1 shortbow
rCold   . . .        (shield currently unavailable)
rNeg    . . .        c - +0 robe
rPois   .            (helmet restricted)
rElec   .            (no cloak)
rCorr   .            (gloves unavailable)
SInv    +            (boots unavailable)
Will    +....        (no amulet)
Stlth   ++           d - ring of willpower
HPRegen 0.24/turn    (no ring)
MPRegen 0.10/turn

%: no passive effects
@: very quick
A: very small, no large weapons, unfitting armour, see invisible, speed 3
a: no special abilities


You were on level 3 of the Dungeon.
You visited 1 branch of the dungeon, and saw 3 of its levels.

You collected 970 gold pieces.


Innate Abilities, Weirdness & Mutations

You are very small and have problems with some larger weapons.
You are too small for most types of armour.
You have supernaturally acute eyesight. (SInv)
You cover ground extremely quickly. (Speed+++)


   Skills:
 - Level 2.1 Fighting
 + Level 5.0 Ranged Weapons
 - Level 5.0 Dodging
 - Level 1.5 Stealth


You had 4 spell levels left.
You didn't know any spells.
Your spell library was empty.

Inventory:

Hand Weapons
 a - a +1 shortbow (weapon)
Armour
 c - a +0 robe (worn)
Jewellery
 d - a ring of willpower (left hand)
Potions
 e - a potion of mutation
 g - a potion of might
 h - a potion of brilliance {unknown}

Dungeon Overview and Level Annotations

Branches:
Dungeon (3/15)

Altars:

Shops:
D:1 :


Message History

Your Fighting skill increases to level 2!
You have reached level 5!
You feel clever.
You shoot an arrow. The arrow hits the sleepcap.
The sleepcap is lightly damaged.
The sleepcap barely misses you.
You shoot an arrow.
The arrow hits the sleepcap but does no damage.
The sleepcap is lightly damaged.
The sleepcap misses you.
You shoot an arrow.
The arrow hits the sleepcap but does no damage.
The sleepcap is lightly damaged.
The sleepcap closely misses you.
You shoot an arrow. The arrow hits the sleepcap.
The sleepcap is lightly damaged.
The sleepcap barely misses you.
You shoot an arrow.
The arrow hits the sleepcap but does no damage.
The sleepcap is lightly damaged.
The sleepcap closely misses you. The sleepcap releases spores at you.
You are engulfed in a cloud of soporific spores!
You fall asleep.
You wake up.
You shoot an arrow.
The arrow hits the sleepcap but does no damage.
The sleepcap is lightly damaged.
The sleepcap completely misses you.
You shoot an arrow.
The arrow hits the sleepcap but does no damage.
The sleepcap is lightly damaged.
The sleepcap misses you.
You shoot an arrow. The arrow hits the sleepcap.
The sleepcap is moderately damaged.
The sleepcap closely misses you.
You shoot an arrow. The arrow hits the sleepcap.
The sleepcap is heavily damaged.
The sleepcap completely misses you.
You shoot an arrow. The arrow hits the sleepcap.
The sleepcap is heavily damaged.
The sleepcap releases spores at you.
You die...

#.........#
#.........#
#.........#
#..<......#
#.........#
####.......#
###..#.......#
###....'.......#
#@f....'.#######
###....'.#
###..### ####


You could see a sleepcap.

Vanquished Creatures
  2 sleepcaps (D:3)
  An iguana (D:2)
  3 adders (D:2)
  An orc (D:3)
  4 endoplasms
  A giant cockroach (D:1)
  A goblin (D:2)
  3 hobgoblins (D:1)
  2 jackals (D:1)
  2 quokkas (D:1)
  2 ball pythons (D:1)
  A frilled lizard (D:2)
  A kobold (D:2)
  3 rats
27 creatures vanquished.

Notes
Turn   | Place    | Note
-------+----------+-------------------------------------------
     0 | D:1      | qw the Spriggan Hunter began the quest for the Orb.
     0 | D:1      | Reached XP level 1. HP: 10/10 MP: 2/2
     0 | D:1      | 0 ||| qw: Version: 0.3-a-155-g5e7d8dd
     0 | D:1      | 0 ||| qw: Game counter: 1710
     0 | D:1      | 0 ||| qw: Melee chars always use a shield: true
     0 | D:1      | 0 ||| qw: God list: Okawaru
     0 | D:1      | 0 ||| qw: Allow faded altars: false
     0 | D:1      | 0 ||| qw: Do Orc after clearing Dungeon:15 true
     0 | D:1      | 0 ||| qw: Do second Lair branch before Depths: true
     0 | D:1      | 0 ||| qw: Lair rune preference: random
     0 | D:1      | 0 ||| qw: Goals: Normal
     0 | D:1      | 0 ||| PLANNING D:1-11
    36 | D:1      | Found a faded altar of an unknown god.
    39 | D:1      | Reached skill level 3 in Dodging
   130 | D:1      | Reached XP level 2. HP: 14/14 MP: 3/3
   301 | D:1      | Found Niawonk's Book Boutique.
   558 | D:1      | 558 ||| READING 2 scrolls labelled CIOJ UNIOJAGE.
   558 | D:1      | 558 ||| IDENTIFYING inky potion
   559 | D:1      | 559 ||| READING scroll of identify.
   559 | D:1      | 559 ||| IDENTIFYING scroll labelled OMMYIT LOGGOYT
   560 | D:1      | 560 ||| READING scroll of enchant weapon.
   560 | D:1      | 560 ||| ENCHANTING +0 shortbow.
   561 | D:1      | 561 ||| READING 2 scrolls labelled LIONEI OCONGEN.
   565 | D:1      | 565 ||| DROPPING scroll of butterflies.
   644 | D:2      | Reached XP level 3. HP: 14/18 MP: 4/4
   978 | D:2      | HP: 4/18 [adder (1)]
   979 | D:2      | 979 ||| READING scroll of teleportation.
  1175 | D:2      | Reached XP level 4. HP: 22/22 MP: 5/5
  1205 | D:2      | 1205 ||| UPGRADING to ring of willpower.
  1206 | D:2      | 1206 ||| READING scroll of identify.
  1206 | D:2      | 1206 ||| IDENTIFYING dark potion
  1207 | D:2      | 1207 ||| READING scroll labelled ERUQIY GANETZO.
  1207 | D:2      | Identified a scroll of acquirement
  1207 | D:2      | 1207 ||| ACQUIRING 873 gold pieces
  1207 | D:2      | Acquired 873 gold pieces
  1247 | D:3      | 1247 ||| RETREEEEATING.
  1248 | D:3      | 1248 ||| RETREEEEATING.
  1249 | D:3      | 1249 ||| RETREEEEATING.
  1250 | D:3      | 1250 ||| RETREEEEATING.
  1251 | D:3      | 1251 ||| RETREEEEATING.
  1252 | D:3      | 1252 ||| RETREEEEATING.
  1253 | D:3      | 1253 ||| RETREEEEATING.
  1268 | D:3      | HP: 1/22 [sleepcap (15)]
  1272 | D:3      | Reached XP level 5. HP: 2/26 MP: 6/6
  1276 | D:3      | HP: 2/26 [sleepcap (2)]
  1281 | D:3      | Slain by a sleepcap

Levels and vault maps discovered:
D:1:      ncdulo_wetmaze, layout_basic, shapermc_ecumenical_altar_gd,
          serial_shops, shop
D:2:      layout_loops_ring
D:3:      layout_rooms, zin_angel, hellmonk_no_cap

Skill      XL: |  1  2  3  4 |
---------------+-------------+-----
Dodging        | 3 4 5 |  5.0
Ranged Weapons | 5 |  5.0
Fighting       | 2 |  2.1
Stealth        | |  1.5

Action                     |  1- 3 |  4- 6 || total
---------------------------+-------+-------++-------
   Fire: Shortbow          |    66 |    31 ||    97
    Use: Scroll            |     5 |     2 ||     7
 Armour: Robe              |     8 |     4 ||    12
  Dodge: Dodged            |    23 |    26 ||    49

Table legend:
 A = Non-vault XP
 B = Vault XP
 C = Vault XP percentage of total XP
 D = Non-vault monster count
 E = Vault monster count
 F = Vault count percentage of total count
                 A         B        C        D         E       F
            +---------+---------+-------+---------+---------+-------
      Total |     110 |      86 |  43.9 |      24 |       3 |  11.1
            +---------+---------+-------+---------+---------+-------
        D:1 |      24 |       0 |   0.0 |      14 |       0 |   0.0
        D:2 |      85 |       0 |   0.0 |       9 |       0 |   0.0
        D:3 |       1 |      86 |  98.9 |       1 |       3 |  75.0
            +---------+---------+-------+---------+---------+-------
